 Dungeon Crawl Stone Soup version 0.27-a0-1559-g299f9947c5 (webtiles) character file.

Game seed: 17397312501988148281

24 HAL9000 the Sneak (level 3, -3/18 HPs)
             Began as a Vine Stalker Brigand on July 16, 2021.
             Slain by a hound (4 damage)
             ... on level 2 of the Dungeon.
             The game lasted 00:00:55 (1317 turns).

HAL9000 the Sneak (Vine Stalker Brigand)            Turns: 1317, Time: 00:00:56

Health: -3/18      AC:  3    Str: 13    XL:     3   Next: 2%
Magic:  0/4        EV: 11    Int: 12    God:
Gold:   45         SH:  0    Dex: 15    Spells: 2/2 levels left

rFire    . . .     SeeInvis .   a - +2 dagger
rCold    . . .     Faith    .   (no shield)
rNeg     . . .     Spirit   +   b - +0 robe
rPois    .         Reflect  .   (no helmet)
rElec    .         Harm     .   c - +0 cloak
rCorr    .         Rampage  .   (no gloves)
Will     .....                  (no boots)
Stlth    +++.......             (no amulet)
HPRegen  0.06/turn              (no ring)
MPRegen  0.09/turn              (no ring)

@: no status effects
A: fangs 2, magic shield, antimagic bite, no potion heal 2
a: no special abilities


You were on level 2 of the Dungeon.
You visited 1 branch of the dungeon, and saw 2 of its levels.

You collected 45 gold pieces.

Inventory:

Hand Weapons
 a - a +2 dagger (weapon)
Missiles
 d - 5 poisoned darts (quivered)
Armour
 b - a +0 robe (worn)
 c - a +0 cloak (worn)
Jewellery
 f - a ring of willpower
Scrolls
 g - 3 scrolls of blinking {unknown}
Potions
 h - a potion of heal wounds {unknown}
 i - a potion of brilliance {unknown}
 j - a potion of resistance {unknown}


   Skills:
 - Level 1.7 Fighting
 - Level 1.7 Short Blades
 - Level 1.7 Throwing
 - Level 0.7 Dodging
 + Level 6.1 Stealth


You had 2 spell levels left.
You didn't know any spells.
Your spell library was empty.

Dungeon Overview and Level Annotations

Branches:
Dungeon (2/15)

Altars:


Innate Abilities, Weirdness & Mutations

You have extremely sharp teeth.
When hurt, damage is shared between your health and your magic reserves.
Your bite disrupts and absorbs the magic of your enemies.
Potions cannot restore your health.


Message History

Throw: 8 darts (poison)
Press: ? - help, Q - select action Shift-Dir - straight line, f/p - hound
Aim: a hound (lightly wounded, 46% to hit)
You throw a poisoned dart. The poisoned dart hits the hound.
The hound is poisoned.
The hound is lightly wounded.
The hound barely misses you. The hound bites you.
* * * LOW HITPOINT WARNING * * *
The hound closely misses you.
Throw: 7 darts (poison)
Press: ? - help, Q - select action Shift-Dir - straight line, f/p - hound
Aim: a hound (lightly wounded, poisoned, 46% to hit)
You throw a poisoned dart.
The poisoned dart closely misses the hound.
The hound bites you but does no damage. The hound bites you.
* * * LOW HITPOINT WARNING * * *
You hit the hound. You bite the hound, but do no damage.
The hound is lightly wounded.
The hound bites you but does no damage.
You hit the hound. You bite the hound, but do no damage.
The hound is moderately wounded.
The hound closely misses you. The hound bites you.
You closely miss the hound. Your bite misses the hound.
The hound is moderately wounded.
The hound misses you.
You hit the hound but do no damage. Your bite misses the hound.
The hound is moderately wounded.
The hound looks more healthy.
The hound barely misses you.
You hit the hound. Your bite misses the hound.
The hound is heavily wounded.
The hound bites you.
* * * LOW HITPOINT WARNING * * *
The hound barely misses you.
Throw: 6 darts (poison)
Press: ? - help, Q - select action Shift-Dir - straight line, f/p - hound
Aim: a hound (heavily wounded, 46% to hit)
You throw a poisoned dart.
The poisoned dart closely misses the hound.
The hound bites you.
You die...

#.......###
#..........
#####......##
#(............
#(#####..#####
#.# ..# #.#
..# #h# ...
#########@#
#.##
.......<#.# .#
#######.#.#
#.#.## #....#
#....# ##...#
#####


You could see a hound.

Vanquished Creatures
  2 bats (D:1)
  An endoplasm (D:1)
  2 goblins (D:1)
  2 hobgoblins
  5 jackals (D:1)
  A quokka (D:1)
  3 ball pythons (D:1)
  A frilled lizard (D:1)
  2 kobolds (D:1)
  3 rats
22 creatures vanquished.

Notes
Turn   | Place    | Note
-------+----------+-------------------------------------------
     0 | D:1      | HAL9000 the Vine Stalker Brigand began the quest for the
                  | Orb.
     0 | D:1      | Reached XP level 1. HP: 11/11 MP: 2/2
    54 | D:1      | Reached skill level 5 in Stealth
   446 | D:1      | Reached XP level 2. HP: 15/15 MP: 3/3
   810 | D:1      | Reached skill level 6 in Stealth
  1307 | D:2      | Reached XP level 3. HP: 5/18 MP: 2/4
  1317 | D:2      | Slain by a hound

Illustrated notes

Levels and vault maps discovered:
D:1:      matt_arrival_grand_opening, layout_basic,
          wander_ebering_terrifying_dragon_lair
D:2:      layout_loops_ring, serial_undead, serial_undead_e, serial_undead_c,
          serial_undead_a, serial_undead_a, serial_undead_f, serial_undead_e,
          st_stairs_3

Skill      XL: |  1  2 |
---------------+-------+-----
Stealth        | 5 6 |  6.1
Fighting       | |  1.7
Short Blades   | |  1.7
Throwing       | |  1.7
Dodging        | |  0.7

Action                   || total
-------------------------++-------
Melee: Dagger            ||    69
       Bite              ||     8
Throw: Dart              ||     5
 Stab: Sleeping          ||     7
Armor: Robe              ||    18
Dodge: Dodged            ||    43

Table legend: (Time is in decaauts)
 A = Elapsed time spent in this place.
 B = Non-inter-level travel time spent in this place.
 C = Inter-level travel time spent in this place.
 D = Time resting spent in this place.
 E = Time spent auto-exploring this place.
 F = Levels seen in this place.
 G = Mean time per level.
                   A        B        C        D        E       F      G
               +--------+--------+--------+--------+--------+-----+--------+
         Total |   1310 |   1286 |     24 |    295 |    838 |   2 |  655.0 |
       Dungeon |   1310 |   1286 |     24 |    295 |    838 |   2 |  655.0 |
               +--------+--------+--------+--------+--------+-----+--------+

Top non-repeatable levels by time:
     D:1: 1270 daAuts
     D:2: 40 daAuts
